Map: [ESL] Waterfall

Players

Astrea - Winner!

  • Race: Protoss Protoss
  • League: Master
  • Spawn Location: 7:00

ShoWTimE

  • Race: Protoss Protoss
  • Spawn Location: 1:00

Event: HomeStory Cup XXII

VOD

Have the link to the VOD?

Description

Time

  • Played on: Dec. 17, 2022, 7:07 a.m.
  • Length: 21:22

All games in this series

Show
View Real Time Build Order
Export as new Build Order

Astrea Protoss - Winner!

Build Orders: Blink Stalkers 

Get SALT Encoding   

  12  0:00  Probe  
  13  0:12  Probe  
  14  0:17  Pylon  
  14  0:24  Probe (Chrono Boost)  
  16  0:36  Probe (Chrono Boost)  
  16  0:37  Gateway  
  16  0:43  Probe (Chrono Boost)  
  16  0:46  Assimilator  
  17  0:51  Probe  
  18  1:03  Probe  
  19  1:15  Probe  
  20  1:25  Cybernetics Core  
  20  1:27  Probe  
  20  1:31  Pylon  
  21  1:39  Probe  
  22  1:51  Probe  
  25  2:00  Stalker (Chrono Boost)  
  25  2:01  Warp Gate  
  25  2:03  Probe  
  25  2:05  Assimilator  
  27  2:15  Probe  
  27  2:23  Stalker  
  27  2:25  Nexus  
  27  2:27  Probe  
  30  2:32  Pylon  
  30  2:39  Probe  
  31  2:44  Gateway  
  31  2:47  Pylon  
  31  2:54  Pylon  
  31  3:02  Shield Battery  
  31  3:06  Pylon  
  31  3:12  Probe, Stalker  
  34  3:18  Twilight Council  
  34  3:24  Probe  
  35  3:36  Probe  
  35  3:43  Probe  
  35  3:44  Shield Battery  
  36  3:49  Probe, Stalker  
  36  3:51  Stalker  
  36  3:53  Blink (Chrono Boost)  
  36  3:55  Probe  
  42  4:01  Probe  
  43  4:07  Probe  
  44  4:13  Probe  
  44  4:19  Probe  
  44  4:29  Probe (Chrono Boost)  
  44  4:30  Stalker x2  
  48  4:34  Probe (Chrono Boost)  
  48  4:38  Pylon  
  49  4:41  Probe (Chrono Boost)  
  51  4:48  Robotics Facility, Probe (Chrono Boost)  
  51  4:49  Probe (Chrono Boost)  
  52  4:56  Probe  
  52  4:57  Pylon  
  53  5:09  Nexus  
  53  5:12  Probe x2  
  55  5:19  Stalker x2  
  59  5:23  Assimilator  
  59  5:24  Probe x2  
  61  5:33  Pylon  
  61  5:35  Observer (Chrono Boost)  
  62  5:36  Probe x2  
  64  5:48  Immortal (Chrono Boost), Probe  
  64  5:49  Probe  
  66  5:55  Shield Battery  
  70  6:00  Probe  
  70  6:01  Probe  
  72  6:04  Forge  
  72  6:08  Pylon  
  72  6:09  Stalker  
  74  6:12  Probe  
  74  6:13  Probe, Stalker  
  78  6:25  Probe x2  
  80  6:26  Probe  
  80  6:27  Protoss Ground Weapons Level 1 (Chrono Boost)  
  80  6:30  Observer  
  81  6:37  Probe x2  
  81  6:38  Gateway  
  82  6:42  Pylon  
  82  6:43  Probe  
  82  6:49  Probe x2, Stalker x2  
  88  6:57  Probe  
  88  6:59  Gateway  
  88  7:01  Probe x2, Gateway  
  91  7:09  Probe  
  92  7:21  Nexus  
  92  7:22  Pylon  
  92  7:24  Observer (Chrono Boost)  
  92  7:26  Observer  
  93  7:30  Photon Cannon, Stalker x2  
  93  7:32  Probe x3, Assimilator  
  100  7:38  Pylon  
  100  7:40  Warp Prism  
  100  7:42  Observer  
  100  7:43  Stalker  
  104  7:44  Probe  
  104  7:45  Probe  
  104  7:46  Probe  
  107  7:57  Probe x2  
  107  7:58  Probe  
  109  8:00  Observer, Photon Cannon  
  109  8:08  Sentry x2, Stalker x3, Protoss Ground Weapons Level 2 (Chrono Boost)  
  109  8:09  Probe  
  109  8:11  Gateway x2  
  120  8:14  Gateway  
  120  8:19  Charge  
  120  8:24  Observer  
  120  8:25  Immortal (Chrono Boost)  
  120  8:33  Probe x2  
  127  8:35  Stalker x2  
  127  8:36  Sentry  
  132  8:43  Pylon  
  132  8:44  Pylon  
  132  8:47  Stalker x2  
  136  9:02  Stalker x3  
  140  9:06  Stalker  
  140  9:08  Stalker  
  144  9:10  Gateway  
  144  9:11  Observer, Probe x2, Assimilator  
  134  9:21  Stalker  
  134  9:22  Stalker x2  
  119  9:26  Zealot x3  
  119  9:28  Observer  
  127  9:32  Warp Prism (Chrono Boost)  
  127  9:34  Zealot x2  
  129  9:42  Probe x3  
  129  9:43  Pylon  
  132  9:49  Stalker x5  
  132  9:50  Stalker  
  144  9:53  Nexus  
  144  9:59  Stalker x2  
  140  10:14  Stalker x5  
  140  10:15  Stalker x2  
  140  10:20  Observer, Photon Cannon  
  154  10:22  Pylon  
  154  10:23  Pylon  
  154  10:24  Stalker x2  
  154  10:26  Observer  
  152  10:34  Protoss Ground Weapons Level 3 (Chrono Boost)  
  145  10:37  Zealot  
  145  10:38  Zealot x6  
  145  10:39  Probe  
  145  10:40  Probe x3  
  163  10:44  Observer  
  163  10:54  Zealot x2  
  167  11:00  Stalker x5  
  167  11:03  Stalker x2  
  175  11:18  Observer (Chrono Boost)  
  169  11:30  Zealot x9  
  183  11:32  Robotics Bay  
  183  11:42  Assimilator  
  183  11:43  Pylon  
  183  11:45  Pylon  
  183  11:46  Pylon  
  183  11:47  Pylon  
  183  11:48  Robotics Facility  
  183  11:49  Photon Cannon  
  183  11:50  Shield Battery  
  183  11:52  Pylon  
  183  12:00  Observer (Chrono Boost)  
  184  12:07  Zealot x8  
  196  12:17  Assimilator  
  196  12:21  Observer (Chrono Boost)  
  195  12:31  Nexus  
  195  12:33  Disruptor (Chrono Boost)  
  192  12:37  Zealot x4  
  199  12:44  Gravitic Drive  
  199  12:49  Pylon  
  199  12:52  Pylon  
  199  12:55  Disruptor  
  186  12:58  Zealot x7  
  186  12:59  Zealot  
  186  13:01  Disruptor  
  199  13:12  Dark Shrine  
  199  13:13  Assimilator  
  199  13:14  Protoss Shields Level 1 (Chrono Boost), Photon Cannon  
  199  13:17  Photon Cannon x2  
  199  13:18  Nexus  
  199  13:25  Zealot  
  174  13:41  Gravitic Boosters  
  174  13:43  Zealot x8  
  174  13:45  Disruptor  
  174  13:46  Disruptor  
  194  13:49  Photon Cannon  
  194  13:50  Photon Cannon  
  194  13:51  Shield Battery  
  194  13:52  Shield Battery  
  194  13:54  Pylon  
  194  13:56  Probe x4, Pylon  
  173  14:21  Disruptor x2, Zealot x8  
  173  14:22  Zealot  
  172  14:31  Probe  
  172  14:32  Probe x4  
  177  14:40  Shadow Stride (Chrono Boost)  
  177  14:44  Stalker  
  177  14:45  Stalker  
  181  14:50  Dark Templar x6  
  193  14:56  Dark Templar  
  195  15:09  Nexus  
  195  15:16  Observer (Chrono Boost)  
  195  15:22  Dark Templar x2  
  195  15:23  Observer (Chrono Boost)  
  195  15:26  Photon Cannon  
  195  15:27  Photon Cannon  
  195  15:28  Shield Battery  
  197  15:29  Shield Battery, Disruptor (Chrono Boost)  
  197  15:32  Pylon  
  197  15:34  Dark Templar x5  
  181  15:47  Disruptor (Chrono Boost)  
  177  15:55  Disruptor  
  177  16:01  Protoss Shields Level 2 (Chrono Boost), Stalker x4  
  188  16:07  Assimilator  
  188  16:08  Assimilator  
  188  16:10  Stalker x3  
  194  16:12  Nexus  
  175  16:19  Disruptor (Chrono Boost)  
  175  16:20  Nexus  
  129  16:35  Stalker x8  
  136  16:46  Observer (Chrono Boost)  
  132  16:49  Photon Cannon  
  132  16:51  Photon Cannon  
  132  16:52  Shield Battery  
  132  16:53  Shield Battery  
  132  16:59  Observer (Chrono Boost)  
  134  17:04  Observer (Chrono Boost), Stalker x7  
  148  17:22  Disruptor x2  
  152  17:31  Dark Templar x4  
  158  17:39  Zealot x2  
  158  17:40  Zealot x3  
  164  17:57  Disruptor  
  164  17:58  Pylon  
  167  18:00  Gateway  
  167  18:01  Zealot x5, Gateway  
  176  18:07  Observer x2  
  175  18:19  Zealot x4  
  175  18:26  Photon Cannon  
  175  18:28  Observer, Photon Cannon  
  175  18:29  Zealot  
  175  18:30  Zealot x4, Probe  
  175  18:31  Probe  
  175  18:34  Observer  
  189  18:35  Assimilator x2  
  188  18:49  Observer  
  188  18:52  Zealot x7, Observer  
  193  19:04  Observer  
  193  19:05  Dark Templar x4  
  196  19:11  Observer  
  196  19:14  Stalker x2  
  200  19:17  Gateway  
  200  19:18  Gateway  
  200  19:20  Gateway  
  192  19:29  Disruptor  
  157  19:31  Disruptor  
  157  19:36  Stalker x5  
  160  19:39  Stalker  
  160  19:40  Stalker x5  
  172  19:51  Nexus  
  166  20:04  Disruptor (Chrono Boost)  
  167  20:10  Zealot x6  
  167  20:11  Zealot x5  
  167  20:12  Disruptor (Chrono Boost)  
  189  20:33  Disruptor  
  186  20:38  Zealot x7  
  200  20:43  Nexus  
  151  20:59  Probe  
  151  21:02  Stalker x14  
Show
View Real Time Build Order
Export as new Build Order

ShoWTimE Protoss 

Build Orders: Oracle Opening 

Get SALT Encoding   

  12  0:00  Probe  
  13  0:12  Probe  
  14  0:17  Pylon  
  14  0:24  Probe (Chrono Boost)  
  15  0:36  Probe (Chrono Boost)  
  15  0:37  Gateway  
  16  0:44  Probe (Chrono Boost)  
  16  0:46  Assimilator  
  17  0:51  Probe  
  18  1:03  Probe (Chrono Boost)  
  19  1:12  Pylon  
  19  1:13  Assimilator  
  19  1:15  Probe (Chrono Boost)  
  20  1:22  Probe (Chrono Boost)  
  20  1:24  Cybernetics Core  
  21  1:29  Probe  
  22  1:34  Zealot  
  24  1:41  Pylon  
  24  1:45  Probe  
  25  2:02  Adept  
  25  2:03  Stargate  
  25  2:06  Pylon  
  27  2:12  Warp Gate  
  27  2:16  Probe  
  28  2:37  Pylon  
  28  2:44  Oracle (Chrono Boost)  
  31  2:55  Probe  
  32  3:07  Probe  
  32  3:11  Oracle (Chrono Boost)  
  33  3:19  Probe  
  37  3:25  Nexus  
  37  3:31  Probe  
  36  3:37  Stalker  
  38  3:42  Twilight Council  
  38  3:43  Probe  
  38  3:44  Pylon  
  39  3:59  Gateway  
  39  4:02  Probe  
  40  4:09  Shield Battery  
  40  4:14  Probe  
  40  4:15  Blink (Chrono Boost)  
  41  4:19  Gateway  
  41  4:26  Probe  
  39  4:33  Dark Shrine  
  39  4:38  Probe  
  39  4:39  Probe  
  39  4:44  Assimilator  
  41  4:51  Probe x2  
  43  4:54  Stalker  
  45  5:03  Probe x2  
  45  5:04  Pylon  
  47  5:07  Stalker  
  49  5:14  Stalker  
  49  5:15  Probe x2  
  49  5:20  Pylon  
  53  5:25  Stalker  
  53  5:27  Probe  
  56  5:30  Probe  
  57  5:45  Nexus  
  57  5:47  Dark Templar  
  59  5:50  Dark Templar  
  59  5:53  Probe  
  59  5:54  Probe  
  60  6:05  Probe, Forge, Pylon  
  60  6:08  Stalker  
  63  6:11  Probe  
  63  6:18  Probe  
  65  6:19  Stalker  
  65  6:22  Stalker  
  65  6:25  Probe  
  68  6:30  Shield Battery  
  68  6:32  Protoss Ground Weapons Level 1 (Chrono Boost)  
  68  6:33  Probe  
  68  6:38  Probe  
  70  6:44  Charge (Chrono Boost)  
  70  6:46  Robotics Facility  
  70  6:47  Stalker  
  70  6:49  Probe (Chrono Boost)  
  70  6:53  Stalker  
  73  6:55  Probe (Chrono Boost)  
  73  6:57  Probe (Chrono Boost)  
  73  6:59  Stalker  
  78  7:01  Probe (Chrono Boost)  
  78  7:05  Probe (Chrono Boost)  
  78  7:06  Probe (Chrono Boost)  
  78  7:08  Probe (Chrono Boost)  
  81  7:09  Gateway  
  81  7:10  Probe (Chrono Boost)  
  81  7:11  Probe (Chrono Boost)  
  81  7:12  Shield Battery  
  81  7:15  Probe  
  83  7:17  Stalker  
  83  7:19  Stalker  
  88  7:27  Stalker  
  88  7:28  Shield Battery, Pylon  
  90  7:31  Assimilator  
  90  7:32  Immortal (Chrono Boost)  
  94  7:39  Pylon  
  94  7:40  Pylon  
  94  7:43  Stalker  
  96  7:46  Stalker  
  96  8:01  Immortal (Chrono Boost)  
  96  8:02  Pylon  
  96  8:03  Gateway  
  96  8:04  Gateway  
  100  8:06  Sentry  
  100  8:10  Zealot x2  
  100  8:11  Zealot  
  108  8:12  Gateway  
  108  8:22  Nexus  
  108  8:24  Shield Battery  
  108  8:30  Protoss Ground Weapons Level 2 (Chrono Boost)  
  108  8:32  Zealot x3, Observer (Chrono Boost)  
  108  8:33  Zealot  
  117  8:40  Gateway  
  117  8:47  Probe x3  
  119  8:53  Pylon  
  119  8:59  Probe x3  
  119  9:00  Zealot x4  
  130  9:03  Zealot  
  130  9:06  Observer  
  133  9:11  Probe  
  133  9:16  Zealot x2  
  120  9:20  Probe  
  111  9:25  Probe x2  
  111  9:26  Warp Prism (Chrono Boost)  
  113  9:32  Probe  
  113  9:33  Photon Cannon  
  113  9:34  Templar Archives, Photon Cannon  
  113  9:35  Photon Cannon  
  113  9:36  Probe  
  113  9:37  Probe x2  
  117  9:44  Zealot x3, Probe  
  124  9:49  Zealot x2  
  128  9:54  Zealot x2  
  128  9:57  Pylon  
  128  9:59  Zealot  
  134  10:04  Assimilator  
  134  10:06  Assimilator  
  134  10:12  Zealot x5  
  134  10:13  Shield Battery  
  134  10:15  Stalker  
  134  10:18  Zealot  
  134  10:20  Shield Battery  
  138  10:22  Zealot  
  134  10:33  Zealot x5  
  126  10:37  Immortal (Chrono Boost)  
  126  10:40  Probe  
  131  10:44  Dark Templar x3  
  137  10:52  Pylon  
  137  10:56  Protoss Ground Weapons Level 3 (Chrono Boost)  
  136  10:57  Stalker x3  
  136  10:58  Stalker x2  
  136  11:01  Photon Cannon  
  146  11:09  Observer  
  141  11:19  Nexus  
  137  11:27  Zealot x6  
  137  11:32  Zealot  
  151  11:35  Zealot  
  153  11:43  Observer  
  153  11:46  Observer  
  154  11:52  Pylon x2  
  154  11:53  Pylon  
  154  11:55  Pylon  
  154  11:56  Pylon  
  154  12:07  Pylon  
  153  12:11  High Templar x8  
  169  12:17  Archon x3  
  169  12:18  Gateway  
  169  12:20  Archon, Gateway  
  169  12:37  Robotics Facility, Observer  
  164  12:38  Robotics Bay  
  164  12:42  Probe x3  
  164  12:44  Zealot x8  
  166  12:59  Observer  
  163  13:07  Zealot x8  
  179  13:13  Assimilator  
  179  13:15  Assimilator  
  179  13:22  Zealot x2  
  179  13:25  Nexus, Pylon  
  176  13:27  Zealot x3  
  176  13:28  Zealot x5  
  176  13:33  Disruptor (Chrono Boost)  
  165  13:51  Observer (Chrono Boost)  
  165  13:52  Stalker x9  
  182  13:59  Stalker  
  184  14:05  Observer  
  155  14:18  Zealot x4, Dark Templar x5  
  167  14:28  Disruptor x2 (Chrono Boost)  
  147  14:35  Zealot  
  147  14:36  Gravitic Boosters  
  155  14:39  Zealot x4  
  163  14:52  Zealot x5  
  173  14:54  Disruptor x2 (Chrono Boost)  
  173  14:56  Nexus, Pylon  
  175  15:14  Stalker x4  
  175  15:15  Zealot  
  175  15:19  Zealot  
  184  15:23  Probe x2  
  184  15:31  Zealot x3  
  190  15:39  Probe  
  191  15:49  Shield Battery  
  183  15:51  Zealot x2, Photon Cannon  
  183  15:56  Zealot x2, Photon Cannon  
  186  15:58  Observer  
  186  16:01  High Templar x3  
  186  16:02  High Templar  
  195  16:05  Archon  
  195  16:07  Archon  
  195  16:09  Archon  
  195  16:10  Zealot x2  
  189  16:21  Zealot x4  
  172  16:31  Zealot x2  
  158  16:38  Stalker x4  
  156  16:41  Disruptor x2 (Chrono Boost)  
  156  16:42  Assimilator  
  156  16:43  Assimilator  
  156  16:46  Sentry  
  160  16:47  Pylon  
  160  16:56  Zealot x2  
  160  16:58  Zealot  
  166  17:08  Disruptor, Zealot x3  
  172  17:09  Disruptor  
  165  17:21  Zealot x6  
  165  17:22  Zealot  
  175  17:40  Zealot x2  
  175  17:41  Zealot  
  180  17:44  Disruptor x2 (Chrono Boost)  
  180  17:59  Stalker x4  
  180  18:03  Pylon  
  180  18:04  Nexus  
  188  18:09  Zealot x5  
  197  18:17  Disruptor (Chrono Boost)  
  185  18:20  Observer (Chrono Boost)  
  189  18:33  Observer (Chrono Boost)  
  189  18:40  Nexus  
  190  18:41  Stalker x3  
  190  18:42  Stalker x2  
  184  19:02  Dark Templar x5  
  164  19:03  Disruptor  
  164  19:09  Dark Templar x4  
  167  19:10  Dark Templar  
  169  19:17  Shadow Stride (Chrono Boost)  
  169  19:18  Archon  
  169  19:22  Observer  
  146  19:37  Stalker  
  146  19:38  Stalker x4  
  147  19:39  Observer  
  148  19:46  Disruptor  
  147  19:53  Stalker x3  
  147  19:54  Assimilator  
  145  20:05  Stalker x2  
  145  20:06  Stalker x2  
  150  20:14  Disruptor  
  149  20:29  Nexus  
  147  20:46  Stalker x4  
  147  20:47  Stalker  
  151  20:55  Zealot x2  
  151  20:56  Zealot  
  117  21:01  Zealot  
  93  21:06  Stalker  
Tags
 
Composition
Blink Stalkers
League
Master
Matchup
PvP
Replay Pack
hsc22
Spawn Locations
Cross Positions
Add a new tag
Caveats
  • Supply blocks, unpowered buildings, or Contaminate may cause inaccurate times.
  • Supply counts are checked every 10 seconds.